 Dungeon Crawl Stone Soup version 0.20.1-1-g8b1a95d (webtiles) character file.

16345 ConnectionFaild the Markscentaur (level 12, -16/112 HPs)
             Began as a Centaur Hunter on Aug 25, 2017.
             Was an Elder of Okawaru.
             Demolished by a jumping spider (17 damage)
             ... on level 3 of the Lair of Beasts on Aug 26, 2017.
             The game lasted 00:37:19 (14482 turns).

ConnectionFaild the Markscentaur (Centaur Hunter)  Turns: 14482, Time: 00:37:20

Health: -16/112    AC: 12    Str: 20    XL:     12   Next: 9%
Magic:  12/12      EV:  4    Int: 10    God:    Okawaru [****..]
Gold:   516        SH:  0    Dex: 20    Spells: 9/11 levels left

rFire    + . .     SeeInvis .   a - +1 shortbow
rCold    . . .     Gourm    .   (shield currently unavailable)
rNeg     . . .     Faith    .   c - +0 leather armour
rPois    .         Spirit   .   u - +0 helmet
rElec    .         Reflect  .   p - +0 cloak
rCorr    .         Harm     .   (no gloves)
MR       .....                  q - +2 centaur barding
Stlth    +.........             (no amulet)
Regen    0.3/turn               r - +5 ring of dexterity
MPRegen  0.2/turn               L - ring "Udyk Yni" {rF+ Str+3}

@: held, very quick
A: hooves 3, blink, deformed body, speed 2, strong 1, tough skin 3
a: Blink, Heroism, Renounce Religion


You were on level 3 of the Lair of Beasts.
You worshipped Okawaru.
Okawaru was greatly pleased with you.
You were not hungry.

You visited 3 branches of the dungeon, and saw 15 of its levels.
You also visited: Sewer and Ossuary.

You collected 919 gold pieces.
You spent 403 gold pieces at shops.

Inventory:

Hand Weapons
 a - a +1 shortbow (weapon)
 b - the +4 trident of the Tiger {holy, Str+3}
   (You found it on level 8 of the Dungeon)

   It has been blessed by the Shining One to cause great damage to the undead
   and demons.
   It affects your strength (+3).
Missiles
 d - 71 arrows (quivered)
 n - 49 bolts
Armour
 c - a +0 leather armour (worn)
 p - a +0 cloak (worn)
 q - a +2 centaur barding (worn)
 u - a +0 helmet (worn)
Jewellery
 r - a +5 ring of dexterity (left hand)
 I - a +3 ring of evasion
 L - the ring "Udyk Yni" (right hand) {rF+ Str+3}
   (You took it off an orc wizard on level 5 of the Dungeon)

   [ring of protection from fire]

   It affects your strength (+3).
   It protects you from fire.
 O - an uncursed ring of poison resistance
Wands
 C - a wand of flame (21/48)
 N - a wand of random effects (15/48)
 P - a wand of lightning (7/15)
 S - a wand of paralysis (12/24)
 T - a wand of disintegration (15/24)
 V - a wand of acid (8/15)
Scrolls
 g - 6 scrolls of fog
 h - a scroll of amnesia
 k - 2 scrolls of blinking {unknown}
 m - a scroll of brand weapon
 o - 2 scrolls of magic mapping
 s - 2 scrolls of enchant weapon
 x - a scroll of enchant armour
 y - 4 scrolls of immolation
 z - 6 scrolls of remove curse
 A - 4 scrolls of teleportation
 D - a scroll of vulnerability
 G - 2 scrolls of identify
 J - a scroll of fear
 U - a scroll of summoning
Potions
 e - 6 potions of flight
 i - 2 potions of curing
 t - 6 potions of brilliance
 E - a potion of haste
 F - 2 potions of might
Books
 l - a book of Frost

   Spells                             Type                      Level
   a - Freeze                         Ice                          1
   b - Throw Frost                    Conjuration/Ice              2
   c - Ozocubu's Armour               Charms/Ice                   3
   d - Throw Icicle                   Conjuration/Ice              4
   e - Summon Ice Beast               Ice/Summoning                4
 w - Jessica's Volume of the Compass
   (You found it on level 3 of the Dungeon)

   Spells                             Type                      Level
   a - Blink                          Translocation                2
 B - a book of Changes

   Spells                             Type                      Level
   a - Beastly Appendage              Transmutation                1
   b - Sticks to Snakes               Transmutation                2
   c - Spider Form                    Transmutation/Poison         3
   d - Ice Form                       Ice/Transmutation            4
   e - Blade Hands                    Transmutation                5
 R - a book of Callings

   Spells                             Type                      Level
   a - Summon Small Mammal            Summoning                    1
   b - Call Imp                       Summoning                    2
   c - Call Canine Familiar           Summoning                    3
   d - Summon Guardian Golem          Hexes/Summoning              3
   e - Summon Lightning Spire         Summoning/Air                4
   f - Summon Ice Beast               Ice/Summoning                4
Miscellaneous
 Q - a lamp of fire
Comestibles
 f - 9 bread rations
 j - 7 meat rations
 v - 15 royal jellies
 H - a chunk of flesh
 K - 4 fruits


   Skills:
 - Level 12.2 Fighting
 + Level 19.1 Bows
 - Level 1.3 Dodging
 - Level 0.4 Stealth


You had 9 spell levels left.
You knew the following spells:

 Your Spells              Type           Power        Failure   Level  Hunger
a - Blink                 Tloc           N/A          56%         2    ###....


Dungeon Overview and Level Annotations

Branches:
Dungeon (11/15)            Temple (1/1) D:6            Lair (3/6) D:10
  Swamp: Lair:2-4    Shoals: Lair:2-4     Snake: Lair:2-4    Spider: Lair:2-4
    Orc: D:9-12

Altars:
Ashenzari
Cheibriados
Dithmenos
Elyvilon
Fedhas
Gozag
Hepliaklqana
Kikubaaqudgha
Makhleb
Nemelex Xobeh
Okawaru
Qazlal
Ru
Sif Muna
Trog
Uskayaw
Vehumet
Xom
Yredelemnul
Zin
The Shining One
Jiyva

Shops:
D:7 *   D:9 *   D:10 ?


Innate Abilities, Weirdness & Mutations

You have hooves in place of feet.
Armour fits poorly on your strangely shaped body.
You cover ground very quickly.
You have extremely tough skin. (AC +3)
You can translocate small distances at will.
Your muscles are strong. (Str +2)


Message History

The jumping spider bites you but does no damage.
The jumping spider pounces on you!
* * * LOW HITPOINT WARNING * * *
You are caught in a web!
The jumping spider bites you.
* * * LOW HITPOINT WARNING * * *
You feel better. The jumping spider pounces on you!
* * * LOW HITPOINT WARNING * * *
The jumping spider bites you but does no damage.
Unknown command.
You feel better.
You feel less wooden.
Your +0 cloak unmelds from your body.
Your +0 helmet unmelds from your body.
Your +2 centaur barding unmelds from your body.
Your +0 leather armour unmelds from your body.
The jumping spider pounces on you.
* * * LOW HITPOINT WARNING * * *
You are even more entangled.
The jumping spider bites you.
* * * LOW HITPOINT WARNING * * *
The jumping spider pounces on you!
You die...

.## #≈≈≈##..#.## .##
#..(....#..#
..#####..(....../# ###
...#.....(......P####...
..........(.............
..............(...(.....
.........(....((##(#....
.........(.(.(.((s......
.........##.P..#@(......
#.#.#...###.#..#.(......
.####P...###...P<.......
## #....# ##..P........
##...###...#........
#...#.##..#........
#..............#...
#.........##.#....(
#..........).......


You could see a jumping spider.

Vanquished Creatures
  A death knight (D:9)
  3 two-headed ogres
  Pikel (D:7)
  A gargoyle (D:10)
  An ice statue (D:9)
  3 spiny frogs (Lair:1)
  3 komodo dragons (Lair:1)
  3 jumping spiders (Lair:3)
  2 hippogriffs (Lair:1)
  Sigmund (D:2)
  A redback (Lair:3)
  17 yaks
  Eustachio (D:5)
  A hungry ghost (D:7)
  Grum (D:8)
  Menkaure (D:5)
  2 water moccasins (Lair:3)
  8 porcupines
  A slave (D:7)
  A phantom (D:8)
  3 sky beasts
  5 orc warriors
  6 ogres
  3 wolves (D:8)
  4 centaurs
  2 big kobolds
  4 elf zombies (Ossuary)
  9 bullfrogs
  3 scorpions
  12 wights
  An electric eel (Lair:1)
  2 howler monkeys
  2 crimson imps
  4 hounds
  7 human zombies (Ossuary)
  A centaur skeleton (D:10)
  2 centaur zombies
  6 jellies
  3 bullfrog skeletons
  3 orc priests
  19 orc wizards
  Crazy Yiuf (D:2)
  Jessica (D:3)
  3 iguanas
  5 worker ants
  A hound zombie (D:6)
  A hound skeleton (D:9)
  3 mummies (Ossuary)
  A howler monkey zombie (D:7)
  2 worker ant zombies
  11 gnolls
  9 adders
  3 river rats
  2 shadow imps
  8 oozes
  An adder zombie (D:6)
  2 adder skeletons
  2 worms
  A dart slug (D:2)
  5 leopard geckos
  39 orcs
  A ball python (D:3)
  5 bats
  5 giant cockroaches
  4 goblins
  10 hobgoblins
  19 jackals
  11 kobolds
  3 quokkas
  4 frilled lizards
  A jackal skeleton (D:4)
  A quokka skeleton (D:5)
  8 rats
  A fungus (D:10)
328 creatures vanquished.

Vanquished Creatures (others)
  7 fungi (D:10)
7 creatures vanquished.

Grand Total: 335 creatures vanquished

Notes
Turn   | Place    | Note
-------+----------+-------------------------------------------
     0 | D:1      | ConnectionFaild the Centaur Hunter began the quest for the Orb.
     0 | D:1      | Reached XP level 1. HP: 17/17 MP: 1/1
    79 | D:2      | Reached XP level 2. HP: 25/25 MP: 2/2
   168 | D:3      | Reached XP level 3. HP: 31/33 MP: 3/3
   269 | D:3      | Reached XP level 4. HP: 21/41 MP: 4/4
   292 | D:3      | Found a glowing drain.
   412 | Sewer    | Entered a sewer
   774 | Sewer    | Noticed a big kobold
   830 | Sewer    | Killed a big kobold
   830 | Sewer    | Reached skill level 5 in Fighting
   830 | Sewer    | Reached XP level 5. HP: 22/48 MP: 5/5
  1034 | Sewer    | Found a white marble altar of Elyvilon.
  1168 | D:2      | Found a runed door.
  1572 | D:2      | Noticed Sigmund
  2636 | D:2      | Killed Sigmund
  2636 | D:2      | Reached skill level 7 in Bows
  2636 | D:2      | Reached XP level 6. HP: 50/56 MP: 6/6
  2824 | D:2      | Noticed Crazy Yiuf
  2851 | D:2      | Killed Crazy Yiuf
  2895 | D:3      | Found a glowing silver altar of Zin.
  3079 | D:3      | Reached skill level 8 in Bows
  3379 | D:3      | Found a shattered altar of Ashenzari.
  3421 | D:3      | Noticed Jessica
  3426 | D:3      | Killed Jessica
  3434 | D:3      | Identified Jessica's Volume of the Compass
  3531 | D:3      | Found a deep blue altar of Sif Muna.
  3533 | D:3      | You fall through a shaft for 3 floors!
  3533 | D:6      | Noticed a sky beast
  3534 | D:6      | Found a staircase to the Ecumenical Temple.
  3545 | Temple   | Entered the Ecumenical Temple
  3766 | D:6      | Found a shadowy altar of Dithmenos.
  3833 | D:7      | Reached skill level 9 in Bows
  3833 | D:7      | Reached XP level 7. HP: 55/61 MP: 7/7
  3967 | D:7      | Found Sydgh's General Store.
  3972 | D:7      | Bought a scroll of teleportation for 48 gold pieces
  3972 | D:7      | Bought a scroll of fog for 32 gold pieces
  4037 | D:7      | Reached skill level 10 in Bows
  4172 | D:7      | Reached skill level 11 in Bows
  4172 | D:7      | Reached XP level 8. HP: 62/69 MP: 8/8
  4433 | D:7      | Found a sand-covered staircase.
  4435 | D:7      | Noticed Pikel
  4442 | Ossuary  | Entered an ossuary
  4525 | Ossuary  | Reached skill level 12 in Bows
  4648 | Ossuary  | Reached skill level 13 in Bows
  5023 | D:5      | Entered Level 5 of the Dungeon
  5156 | D:5      | Reached skill level 14 in Bows
  5156 | D:5      | Reached XP level 9. HP: 74/74 MP: 9/9
  5161 | D:5      | Noticed Menkaure
  5984 | D:4      | Found an opulent altar of Gozag.
  6078 | D:4      | Reached skill level 15 in Bows
  6733 | D:4      | Found a sparkling altar of Nemelex Xobeh.
  6735 | D:4      | Found an opulent altar of Gozag.
  6916 | D:4      | Learned a level 2 spell: Blink
  7300 | D:5      | Got a translucent jade ring
  7334 | D:5      | Noticed Eustachio
  7338 | D:5      | Killed Eustachio
  7720 | D:5      | Killed Menkaure
  8598 | D:7      | Reached XP level 10. HP: 86/88 MP: 10/10
  8693 | D:7      | Killed Pikel
  8709 | D:8      | Noticed Grum
  8723 | D:8      | Killed Grum
  8785 | D:8      | Identified the ring "Udyk Yni" {rF+ Str+3} (You took it off an orc wizard on level 5 of the Dungeon)
  8908 | D:8      | Got a twisted trident
  8909 | D:8      | Identified the +4 trident of the Tiger {holy, Str+3} (You found it on level 8 of the Dungeon)
  8963 | D:9      | Noticed a two-headed ogre
  8984 | D:8      | Gained mutation: You expend magic power (3 MP) to strengthen your wands. [potion of mutation]
  8984 | D:8      | Gained mutation: You can translocate small distances at will. [potion of mutation]
  9095 | D:8      | Found a sacrificial altar of Ru.
  9230 | D:8      | Reached skill level 10 in Fighting
  9514 | D:8      | Found a deep blue altar of Sif Muna.
  9918 | D:10     | Entered Level 10 of the Dungeon
 10108 | D:9      | Found Naobi's Changing Room.
 10115 | D:10     | Noticed a two-headed ogre
 10290 | D:9      | Killed a two-headed ogre
 10334 | D:9      | Noticed an ice statue
 10466 | D:9      | Bought a potion of mutation for 104 gold pieces
 10466 | D:9      | Bought a potion of mutation for 104 gold pieces
 10466 | D:9      | Lost mutation: You expend magic power (3 MP) to strengthen your wands. [potion of mutation]
 10466 | D:9      | Lost mutation: You can translocate small distances at will. [potion of mutation]
 10466 | D:9      | Gained mutation: Your magical capacity is low. (-10% MP) [potion of mutation]
 10466 | D:9      | Gained mutation: You are weak. (Str -2) [potion of mutation]
 10466 | D:9      | Gained mutation: You are frail. (-10% HP) [potion of mutation]
 10466 | D:9      | Gained mutation: You passively map a small area around you. [potion of mutation]
 10467 | D:9      | Lost mutation: You are weak. (Str -2) [potion of mutation]
 10467 | D:9      | Lost mutation: You are frail. (-10% HP) [potion of mutation]
 10467 | D:9      | Lost mutation: Your magical capacity is low. (-10% MP) [potion of mutation]
 10467 | D:9      | Lost mutation: You passively map a small area around you. [potion of mutation]
 10467 | D:9      | Gained mutation: Your muscles are strong. (Str +2) [potion of mutation]
 10467 | D:9      | Gained mutation: You can translocate small distances at will. [potion of mutation]
 10576 | D:9      | Killed a two-headed ogre
 10763 | D:9      | Found a viscous altar of Jiyva.
 10900 | D:9      | Found a burning altar of Makhleb.
 10903 | D:9      | Found an iron altar of Okawaru.
 10907 | D:9      | Became a worshipper of Warmaster Okawaru
 10913 | D:9      | Found a blossoming altar of Fedhas.
 10916 | D:9      | Found a glowing golden altar of the Shining One.
 10933 | D:9      | Noticed a death knight
 11361 | D:9      | Reached XP level 11. HP: 90/104 MP: 11/11
 11386 | D:9      | Reached * piety under Okawaru
 11862 | D:10     | Noticed a two-headed ogre
 11906 | D:10     | Killed a two-headed ogre
 11906 | D:10     | Reached skill level 16 in Bows
 12079 | D:10     | Found a staircase to the Lair.
 12108 | D:10     | Reached ** piety under Okawaru
 12241 | D:10     | Found Jusch's Magic Scroll Boutique.
 12256 | D:10     | Bought a scroll of fear for 35 gold pieces
 12256 | D:10     | Bought a scroll of identify for 20 gold pieces
 12256 | D:10     | Bought a scroll of identify for 20 gold pieces
 12256 | D:10     | Bought a scroll of identify for 20 gold pieces
 12256 | D:10     | Bought a scroll of identify for 20 gold pieces
 12611 | D:9      | Killed a death knight
 12611 | D:9      | Reached skill level 17 in Bows
 13024 | Lair:1   | Entered Level 1 of the Lair of Beasts
 13097 | Lair:1   | Reached *** piety under Okawaru
 13730 | Lair:1   | Reached skill level 18 in Bows
 13837 | Lair:1   | Reached **** piety under Okawaru
 14124 | Lair:2   | Found an ancient bone altar of Kikubaaqudgha.
 14330 | Lair:3   | Reached XP level 12. HP: 81/112 MP: 12/12
 14425 | Lair:3   | Reached skill level 19 in Bows
 14452 | Lair:3   | Received a gift from Okawaru
 14478 | Lair:3   | HP: 7/168 [jumping spider (2)]
 14481 | Lair:3   | HP: 1/168 [jumping spider (11)]
 14482 | Lair:3   | Demolished by a jumping spider

Skill      XL: |  1  2  3  4  5  6  7  8  9 10 11 12 |
---------------+-------------------------------------+-----
Fighting       | 3 4 5 8 12 | 12.2
Bows           | 7 9 11 14 15 18 19 | 19.1
Dodging        | |  1.3
Stealth        | |  0.4

Action                   |  1- 3 |  4- 6 |  7- 9 | 10-12 || total
-------------------------+-------+-------+-------+-------++-------
Melee: Short sword       |    20 |   114 |       |       ||   134
       Kick              |     6 |    32 |    84 |    64 ||   186
       Quarterstaff      |       |    23 |   288 |    45 ||   356
       Trident           |       |       |       |   169 ||   169
 Fire: Shortbow          |    30 |    70 |   180 |   521 ||   801
  Use: Potion            |       |     5 |     1 |    11 ||    17
       Scroll            |       |       |     7 |    10 ||    17
 Stab: Paralysed         |       |       |     1 |       ||     1
  Eat: Chunk             |       |     7 |     9 |    15 ||    31
       Meat ration       |       |       |     1 |       ||     1
Armor: Leather armour    |     7 |    75 |   194 |   121 ||   397
       Skin              |       |       |       |    43 ||    43
Dodge: Dodged            |    13 |    84 |   157 |   100 ||   354
